 Dungeon Crawl Stone Soup version 0.30-a0-168-g0b976cbdc4 (webtiles) character file.

Game seed: 1447323029984191318

7215 trckry the Covert (level 10, -8/46 HPs)
             Began as a Felid Delver on Sept 29, 2022.
             Was a High Priest of Nemelex Xobeh.
             Killed from afar by a gargoyle (14 damage)
             ... with a stone arrow
             ... on level 12 of the Dungeon.
             The game lasted 00:58:33 (19328 turns).

trckry the Covert (Felid Delver)                   Turns: 19328, Time: 00:58:34

Health: -8/46      AC:  2    Str: 10    XL:     10   Next: 87%
Magic:  20/20      EV: 21    Int: 15    God:    Nemelex Xobeh [*****.]
Gold:   659        SH:  0    Dex: 17    Spells: 19/21 levels left
                                        Lives:  0   Deaths: 2

rFire   . . .      SeeInvis +      - Unarmed
rCold   . . .      Faith    .    (shield unavailable)
rNeg    . . .      Spirit   .    (body armour unavailable)
rPois   .          Reflect  .    (helmet unavailable)
rElec   .          Harm     .    (cloak unavailable)
rCorr   .          Rampage  .    (gloves unavailable)
Will    +....                    (boots unavailable)
Stlth   +++++.....               (no amulet)
HPRegen 0.15/turn                (no ring)
MPRegen 0.17/turn                (no ring)

@: about to teleport, on berserk cooldown, slowed, slow
A: very small, claws 1, fangs 3, see invisible, speed 1, shaggy fur 2, stealthy
paws, no weapons or thrown items, no armour, multi-lived
a: Renounce Religion, Draw Escape, Draw Destruction, Draw Summoning, Triple
Draw, Deal Four, Stack Five


You were on level 12 of the Dungeon.
You worshipped Nemelex Xobeh.
Nemelex Xobeh was extremely pleased with you.
You visited 2 branches of the dungeon, and saw 13 of its levels.

You collected 689 gold pieces.
You spent 30 gold pieces at shops.

Inventory:

Jewellery
 B - a ring of fire
 F - a ring of poison resistance
Wands
 e - a wand of digging (3)
 h - a wand of polymorph (5)
 y - a wand of iceblast (12)
 G - a wand of mindburst (4)
Scrolls
 a - a scroll of fog
 b - 3 scrolls of magic mapping
 c - 2 scrolls of fear
 j - a scroll of silence {unknown}
 n - 4 scrolls of noise {unknown}
 o - 3 scrolls of butterflies {unknown}
 p - 4 scrolls of teleportation
 q - 3 scrolls of enchant armour {unknown}
 r - 2 scrolls of torment {unknown}
 t - 3 scrolls of amnesia {unknown}
 u - 2 scrolls of immolation {unknown}
 w - 2 scrolls of poison {unknown}
 x - 3 scrolls of enchant weapon {unknown}
 C - a scroll of brand weapon {unknown}
 D - 3 scrolls of identify
Potions
 d - 4 potions of haste
 f - 6 potions of curing
 g - 2 potions of ambrosia
 i - 3 potions of might
 k - a potion of berserk rage
 l - 2 potions of flight
 m - a potion of invisibility
 s - 2 potions of attraction
 v - 4 potions of mutation
 z - a potion of cancellation
 A - a potion of heal wounds
 E - a potion of resistance


   Skills:
 + Level 6.4 Fighting
 + Level 7.6 Dodging
 + Level 11.7 Stealth
 * Level 10.3 Unarmed Combat
 + Level 6.1 Spellcasting
 + Level 2.5 Conjurations
 + Level 10.7 Hexes
 - Level 4.0 Ice Magic
 * Level 9.7 Invocations


You had 19 spell levels left.
You knew the following spells:

 Your Spells              Type           Power      Damage    Failure   Level
a - Ensorcelled Hibernat  Hex/Ice        52%        N/A       1%          2

Your spell library contained the following spells:

 Spells                   Type           Power      Damage    Failure   Level
 Magic Dart               Conj           48%        1d5       4%          1
 Frozen Ramparts          Ice            32%        1d5       9%          3
 Anguish                  Hex/Necr       10%        N/A       16%         4
 Call Imp                 Summ           4%         N/A       22%         2
 Sublimation of Blood     Necr           4%         N/A       22%         2
 Mephitic Cloud           Conj/Pois/Air  7%         N/A       30%         3
 Spider Form              Tmut/Pois      4%         N/A       41%         3
 Ice Form                 Ice/Tmut       10%        N/A       54%         4
 Summon Ice Beast         Ice/Summ       10%        N/A       54%         4
 Petrify                  Tmut/Erth      4%         N/A       82%         4
 Irradiate                Conj/Tmut      4%         3d13      94%         5
 Blade Hands              Tmut           2%         N/A       99%         5
 Iron Shot                Conj/Erth      4%         9d2       100%        6
 Animate Armour           Summ/Erth      Unusable   N/A       N/A         4

Dungeon Overview and Level Annotations

Branches:
Dungeon (12/15) Zot: 26623  Temple (1/1) D:6 Zot: 5866    Lair (0/5) D:9
    Orc: D:9-12

Altars:
Ashenzari
Cheibriados
Dithmenos
Elyvilon
Fedhas
Gozag
Hepliaklqana
Kikubaaqudgha
Makhleb
Nemelex Xobeh
Okawaru
Qazlal
Ru
Sif Muna
Trog
Uskayaw
Vehumet
Wu Jian
Xom
Yredelemnul
Zin
The Shining One

Shops:
D:2 **[[

Portals:
Trove: D:10 (give 4 potions of resistance)

Annotations:
D:7 2 transporters


Innate Abilities, Weirdness & Mutations

You have sharp claws.
You have razor-sharp teeth.
You have supernaturally acute eyesight. (SInv)
You cover ground quickly. (Speed+)
You are covered in thick fur. (AC +2)
Your paws help you pounce on unaware monsters.
You are incapable of wielding weapons or throwing items.
You cannot wear armour.
You gain extra lives every three experience levels.


Message History

You feel yourself moving faster!
You feel mighty! The vampire mosquito bites you!
* * * LOW HITPOINT WARNING * * *
The vampire mosquito draws strength from your injuries!
The vampire mosquito bites you.
* * * LOW HITPOINT WARNING * * *
The vampire mosquito draws strength from your injuries!
You now have 2/69 hp.
You are too berserk!
You closely miss the vampire mosquito.
The vampire mosquito is moderately damaged.
The vampire mosquito closely misses you.
You miss the vampire mosquito. You bite the vampire mosquito!
The vampire mosquito is severely damaged.
The vampire mosquito misses you.
You scratch the vampire mosquito. Your claw misses the vampire mosquito.
Your bite misses the vampire mosquito.
The vampire mosquito is almost destroyed.
The vampire mosquito bites you but does no damage.
You barely miss the vampire mosquito. You claw the vampire mosquito.
You destroy the vampire mosquito!
You start resting.
You feel a strong urge to attack something.
You start resting.
You feel your anger nearly subside.
You are no longer berserk.
You are exhausted.
You feel yourself slow down.
You now have 2/46 hp.
You start resting.
A gargoyle comes into view. It is wielding a +0 mace.
You regained 2 hp, and now have 4/46 hp.
A gargoyle is nearby!
The gargoyle hurls a stone arrow at you.
The stone arrow misses you.
As you read the scroll of teleportation, it crumbles to dust.
You feel strangely unstable.
The gargoyle hurls a stone arrow at you.
The stone arrow hits you!
You die...
Your body glows with a rainbow of weird colours and disappears.

#...######§§§§§§
#......)_#8§§§§§
#...######§§§§§§
#.###§§§§§§§§§§§ #.#
#§§§§§§§§§§§ ####### #.#
#§§§§§§§§§§§ #.....# #.#
#§§§§§§§§§§§
#.....######.################
#.....#.....@..# #.## #)....)
#.....#........# #..# #####..
#...).#........# ##.## #.#
#...<.#....9...# #..######.#
#...T.#........## ##....##..#
###.#######.....# ####.#..##
#.# #[###.# #.#.## #.## #.#
#.#######.#.# #..#
#.###.#......>..##


You could see a gargoyle.

Vanquished Creatures
  Nessos (D:12)
  Snorg (D:12)
  Erolcha (D:11)
  3 centaur warriors (D:9)
  4 two-headed ogres
  An ugly thing (D:11)
  2 cyclopes
  Maurice (D:12)
  A tengu conjurer (D:9)
  2 unseen horrors (D:10)
  An efreet (D:9)
  3 trolls
  2 hornets
  A slime creature (D:9)
  Prince Ribbit (D:8)
  A wyvern (D:10)
  10 yaks (D:10)
  A wraith (D:11)
  Grum (D:11)
  5 vampire mosquitoes
  3 steam dragons
  3 acid dragons
  2 black bears
  An ice beast (D:5)
  A sky beast (D:8)
  3 orc warriors
  5 centaurs
  2 wolves (D:11)
  3 kobold brigands
  2 phantoms
  7 bullfrogs
  A necrophage (D:7)
  2 gnoll sergeants
  4 scorpions
  3 wights (D:8)
  20 killer bees
  4 howler monkeys (D:9)
  2 hounds (D:5)
  A gnoll bouda (D:7)
  2 orc priests
  2 jellies (D:7)
  3 iguanas
  3 orc wizards
  A hell rat (D:9)
  13 gnolls
  7 adders
  A shadow imp (D:8)
  A white imp (D:7)
  2 ufetubi (D:5)
  2 worms (D:2)
  2 dart slugs
  32 orcs
  5 endoplasms
  2 giant cockroaches
  3 hobgoblins
  5 jackals
  27 kobolds
  3 quokkas
  7 ball pythons
  3 bats
  2 frilled lizards
  8 goblins
  6 rats
  A spectral goblin (D:1)
255 creatures vanquished.

Vanquished Creatures (collateral kills)
  3 death yaks (D:9)
  A deep elf pyromancer (D:9)
  An efreet (D:9)
  2 vampire mosquitoes (D:10)
7 creatures vanquished.

Vanquished Creatures (others)
  A slime creature (D:9)
  A shadow imp (D:7)
2 creatures vanquished.

Grand Total: 264 creatures vanquished

Notes
Turn   | Place    | Note
-------+----------+-------------------------------------------
     0 | D:5      | trckry the Felid Delver began the quest for the Orb.
     0 | D:5      | Reached XP level 1. HP: 10/10 MP: 2/2
   137 | D:5      | Noticed an iguana
   291 | D:3      | Reached XP level 2. HP: 14/14 MP: 3/3
   329 | D:3      | Found a sparkling altar of Nemelex Xobeh.
   333 | D:3      | Became a worshipper of Nemelex Xobeh the Trickster
   425 | D:3      | HP: 1/14 [worm (11)]
   441 | D:2      | Found Purrou's Armour Shoppe.
   778 | D:3      | Found a glowing drain.
   804 | D:3      | HP: 2/14 [river rat (9)]
  1170 | D:1      | Found a faded altar of an unknown god.
  1813 | D:1      | Reached XP level 3. HP: 17/17 MP: 4/4
  1903 | D:1      | Reached * piety under Nemelex Xobeh
  2203 | D:2      | Found Orhyom's General Store.
  2220 | D:2      | Bought a potion of degeneration for 10 gold pieces
  2220 | D:2      | Bought a scroll of identify for 20 gold pieces
  2233 | D:2      | Reached skill level 7 in Stealth
  2448 | D:2      | Reached XP level 4. HP: 18/21 MP: 4/6
  2577 | D:2      | Received a gift from Nemelex Xobeh
  2668 | D:2      | Found Jategoeguu's Assorted Antiques.
  2685 | D:2      | Found Hailuifu's Armour Boutique.
  3535 | D:3      | Identified the +4 rapier "Lifebane" {holy, rF- Str+4 Dex+3}
  3602 | D:3      | Reached ** piety under Nemelex Xobeh
  3997 | D:3      | Learned a level 2 spell: Ensorcelled Hibernation
  4405 | D:4      | Noticed a scorpion
  4592 | D:4      | Killed a scorpion
  4593 | D:4      | Reached skill level 1 in Spellcasting
  4593 | D:4      | Reached skill level 1 in Hexes
  4593 | D:4      | Reached skill level 1 in Invocations
  4593 | D:4      | Reached XP level 5. HP: 24/24 MP: 7/7
  4685 | D:4      | a gnoll sergeant changed into a steam dragon
  4685 | D:4      | Noticed a steam dragon
  4686 | D:4      | Killed a steam dragon
  4687 | D:4      | Gained mutation: You are covered in thick fur. (AC +2)
                  | [Felid growth]
  4687 | D:4      | Reached XP level 6. HP: 6/28 MP: 5/8
  5657 | D:5      | Reached skill level 1 in Ice Magic
  5843 | D:5      | Noticed an orc warrior
  5873 | D:5      | Killed an orc warrior
  6057 | D:5      | Noticed an ice beast
  6060 | D:5      | Killed an ice beast
  6061 | D:5      | Reached XP level 7. HP: 31/31 MP: 10/10
  6185 | D:5      | Received a gift from Nemelex Xobeh
  6393 | D:5      | Found a sacrificial altar of Ru.
  6396 | D:5      | Found a white marble altar of Elyvilon.
  6947 | D:6      | Reached skill level 8 in Stealth
  6947 | D:6      | Reached skill level 5 in Hexes
  6947 | D:6      | Reached XP level 8. HP: 36/36 MP: 7/12
  7116 | D:6      | Reached *** piety under Nemelex Xobeh
  7122 | D:6      | Received a gift from Nemelex Xobeh
  7215 | D:6      | Reached skill level 5 in Unarmed Combat
  7664 | D:6      | Found an ancient bone altar of Kikubaaqudgha.
  7758 | D:6      | Found a staircase to the Ecumenical Temple.
  7893 | Temple   | Entered the Ecumenical Temple
  8148 | D:7      | Received a gift from Nemelex Xobeh
  9567 | D:7      | Found a transporter.
  9584 | D:7      | Found a transporter.
  9638 | D:7      | Reached skill level 5 in Invocations
  9976 | D:7      | Reached XP level 9. HP: 39/39 MP: 5/14
 10301 | D:7      | Found a basalt altar of Yredelemnul.
 10305 | D:7      | Found a glowing golden altar of the Shining One.
 10308 | D:7      | Noticed an angel
 11162 | D:8      | Reached **** piety under Nemelex Xobeh
 11443 | D:8      | Received a gift from Nemelex Xobeh
 11505 | D:8      | Found a shadowy altar of Dithmenos.
 11509 | D:8      | Reached skill level 9 in Stealth
 11514 | D:8      | Noticed Prince Ribbit
 11519 | D:8      | Killed Prince Ribbit
 11587 | D:8      | Noticed a two-headed ogre
 11631 | D:8      | Killed a two-headed ogre
 11632 | D:8      | Reached XP level 10. HP: 42/42 MP: 7/17
 12541 | D:9      | Noticed a two-headed ogre
 12545 | D:9      | Noticed a centaur warrior
 12591 | D:9      | Killed a two-headed ogre
 12592 | D:9      | Noticed a cyclops
 12598 | D:9      | Noticed a centaur warrior
 12598 | D:9      | Noticed a deep elf pyromancer
 12598 | D:9      | Noticed a centaur warrior
 12980 | D:9      | HP: 6/43 [efreet/fireball (37)]
 13301 | D:9      | Found a burning altar of Makhleb.
 13516 | D:9      | Found a shimmering altar of Xom.
 13562 | D:9      | Noticed a death yak
 13688 | D:9      | Noticed a death yak
 13693 | D:9      | Noticed a death yak
 13847 | D:9      | Reached skill level 10 in Stealth
 13859 | D:9      | Killed a centaur warrior
 13860 | D:9      | Reached skill level 5 in Dodging
 14046 | D:9      | Killed a cyclops
 14351 | D:9      | Identified the +2 long sword of the Nurturing Bear {freeze,
                  | rC++ Int+6}
 14357 | D:9      | Killed a deep elf pyromancer
 14664 | D:9      | Killed a centaur warrior
 14665 | D:9      | Reached skill level 5 in Fighting
 14665 | D:9      | Reached XP level 11. HP: 26/47 MP: 12/19
 14895 | D:9      | Found a radiant altar of Vehumet.
 14898 | D:9      | Killed a centaur warrior
 14899 | D:9      | Reached skill level 5 in Spellcasting
 15132 | D:9      | Received a gift from Nemelex Xobeh
 15531 | D:9      | Killed a death yak
 15552 | D:9      | Found a staircase to the Lair.
 15565 | D:9      | Killed a death yak
 15574 | D:9      | Killed a death yak
 15821 | D:10     | Entered Level 10 of the Dungeon
 16115 | D:10     | Reached skill level 11 in Stealth
 16263 | D:10     | Found a glowing silver altar of Zin.
 16378 | D:10     | Received a gift from Nemelex Xobeh
 16463 | D:10     | Noticed a two-headed ogre
 16471 | D:10     | Killed a two-headed ogre
 16472 | D:10     | Reached skill level 1 in Conjurations
 16472 | D:10     | Reached skill level 10 in Hexes
 16624 | D:10     | Found a portal to a secret trove of treasure.
 17190 | D:10     | Identified the +0 quarterstaff "Raoheb" {elec, Int+4 Dex+3}
 17190 | D:10     | HP: 1/48 [vampire mosquito (12)]
 17190 | D:10     | Mangled by a vampire mosquito
 17191 | D:10     | Reached XP level 10. HP: -6/45 MP: 19/19
 17331 | D:11     | Noticed Erolcha
 17333 | D:11     | Killed Erolcha
 17334 | D:11     | Reached XP level 11. HP: 48/48 MP: 20/20
 17364 | D:11     | Found a hide-covered altar of Uskayaw.
 17364 | D:11     | Noticed Grum
 17364 | D:11     | Noticed a +0 hand axe
 17365 | D:11     | Noticed a +0 dagger
 17416 | D:11     | Noticed a cyan ugly thing
 17756 | D:11     | Killed a cyan ugly thing
 18043 | D:11     | Reached skill level 10 in Unarmed Combat
 18295 | D:11     | Killed Grum
 18419 | D:11     | Noticed a two-headed ogre
 18423 | D:11     | Killed a two-headed ogre
 18685 | D:11     | Identified the +3 fire dragon scales "Pekopue" {rF++ rC-
                  | Str+4}
 18885 | D:12     | Noticed Nessos
 18886 | D:12     | Killed Nessos
 18895 | D:12     | Noticed Snorg
 18899 | D:12     | Noticed Maurice
 18912 | D:12     | Slain by Snorg
 18913 | D:12     | Reached XP level 10. HP: -1/45 MP: 18/20
 19022 | D:12     | Reached ***** piety under Nemelex Xobeh
 19128 | D:12     | Found a stormy altar of Qazlal.
 19135 | D:12     | Killed Maurice
 19262 | D:12     | Killed Snorg
 19303 | D:12     | HP: 3/69 [vampire mosquito (8)]
 19320 | D:12     | Noticed a gargoyle
 19328 | D:12     | Killed from afar by a gargoyle

Illustrated notes

Levels and vault maps discovered:
D:1:      heliophobic_arrival_enchanted_forest, layout_rooms,
          dreamdust_ecumenical_altar_drowned_temple, minmay_misc_feat_tiny,
          columned_hall_lemuel, minmay_tetromino_i4
D:2:      layout_basic, serial_shops, nicolae_diamond_shop,
          nicolae_shop_advertising_works [nicolae_subvault_shop_adworks], shop,
          nicolae_shop_temple_entry_statues_fountains
D:3:      layout_loops_corners, nemelex_diamond_rough_becter,
          cheibrodos_sewer_entry_sluice, minmay_pentangle
D:4:      layout_loops_corners, dk_noncrumbling_2, minmay_manual_mess
D:5:      layout_basic, nicolae_overflow_squiral, nicolae_fountain_basement
D:6:      layout_cave_pods, mainiacjoe_overflow_surrounded_room,
          minmay_temple_entry_sparse_star, hex_medium
D:7:      gammafunk_steamed_eel, layout_loops_ring,
          grunt_temple_overflow_holy_war
D:8:      layout_basic, grunt_dithmenos_shadows, uniq_prince_ribbit1
D:9:      layout_loops_corners, mainiacjoe_overflow_alcove_4,
          nicolae_vehumet_radiance, mainiacjoe_overflow_boulevard,
          dpeg_lair_monsters, minivault_28
D:10:     layout_grid_maze, zin_academy, nicolae_trove_entry_crossroad,
          kennysheep_cluttered_room
D:11:     layout_roguey, serial_corexii_hall, corexii_hall_statues_i,
          corexii_hall_statues_deadend, dancing_weapons_uskayaw, uniq_erolcha,
          uniq_grum
D:12:     layout_rooms, david_orc_4, serial_shops, nicolae_shop_crystal,
          nicolae_qazlal_eye_of_the_storm, uniq_nessos, uniq_snorg, uniq_maurice
Temple:   bh_familiar_temple

Skill      XL: |  1  2  3  4  5  6  7  8  9 10 11 |
---------------+----------------------------------+-----
Dodging        | 3 4 7 6 |  7.6
Stealth        | 7 8 9 10 11 | 11.7
Unarmed Combat | 3 4 6 7 8 10 | 10.3
Spellcasting   | 1 2 3 4 6 |  6.1
Hexes          | 1 2 3 5 7 8 9 10 | 10.7
Invocations    | 1 2 3 5 6 8 9 |  9.7
Ice Magic      | 1 2 4 |  4.0
Fighting       | 4 6 |  6.4
Conjurations   | 2 |  2.5

Action                   |  1- 3 |  4- 6 |  7- 9 | 10-12 || total
-------------------------+-------+-------+-------+-------++-------
Melee: Unarmed           |    91 |   127 |   151 |   197 ||   566
       Bite              |    11 |     9 |    11 |    17 ||    48
       Punch             |     1 |     3 |     5 |    12 ||    21
 Cast: Ensorcelled Hiber |       |    13 |    91 |   147 ||   251
Invok: Draw Destruction  |       |     4 |     2 |     3 ||     9
       Draw Summoning    |       |       |       |     4 ||     4
  Use: Scroll            |       |     7 |     1 |     3 ||    11
       Potion            |       |       |       |     2 ||     2
 Stab: Sleeping          |    16 |    17 |    46 |    82 ||   161
       Distracted        |       |       |     1 |     2 ||     3
Armor: Skin              |     4 |     3 |    15 |    16 ||    38
Dodge: Dodged            |    61 |    81 |   136 |   206 ||   484

Table legend: (Time is in decaauts)
 A = Elapsed time spent in this place.
 B = Non-inter-level travel time spent in this place.
 C = Inter-level travel time spent in this place.
 D = Time resting spent in this place.
 E = Time spent auto-exploring this place.
 F = Levels seen in this place.
 G = Mean time per level.
                   A        B        C        D        E       F      G
               +--------+--------+--------+--------+--------+-----+--------+
         Total |  17285 |  16727 |    558 |   3221 |   9630 |  13 | 1329.6 |
       Dungeon |  17152 |  16604 |    548 |   3221 |   9511 |  12 | 1429.3 |
        Temple |    133 |    124 |      9 |      0 |    119 |   1 |  133.0 |
               +--------+--------+--------+--------+--------+-----+--------+

Top non-repeatable levels by time:
     D:9: 2565 daAuts
     D:8: 1953 daAuts
     D:5: 1952 daAuts
    D:10: 1766 daAuts
     D:6: 1576 daAuts
     D:7: 1440 daAuts
     D:3: 1285 daAuts
     D:4: 1256 daAuts
     D:2: 1205 daAuts
    D:11: 933 daAuts
     D:1: 818 daAuts
    D:12: 398 daAuts
  Temple: 133 daAuts
